 Dungeon Crawl Stone Soup version 0.29-a0-1047-g7c58e11 (webtiles) character file.

Game seed: 10272569278822084003

43498 MrTaco21 the Peltast (level 14, -7/92 HPs)
             Began as a Gargoyle Fighter on Aug 16, 2022.
             Was the Champion of Okawaru.
             Killed from afar by Jorgrun (20 damage)
             ... with an iron shot
             ... on level 15 of the Dungeon.
             The game lasted 00:39:51 (22907 turns).

MrTaco21 the Peltast (Gargoyle Fighter)            Turns: 22907, Time: 00:39:52

Health: -7/92      AC: 43    Str: 25    XL:     14   Next: 24%
Magic:  14/14      EV:  2    Int:  9    God:    Okawaru [******]
Gold:   1359       SH: 23    Dex:  9    Spells: 13/13 levels left

rFire   . . .      SeeInvis .   y - +2 demon whip "Nofugoh" {venom, *Noise rPois Stlth+, mace}
rCold   + + +      Faith    .   O - +0 tower shield
rNeg    + + +      Spirit   .   p - +9 plate armour "Diutuenko" {rC++ rN+}
rPois   ∞          Reflect  +   T - +1 helmet
rElec   +          Harm     .   N - +1 cloak {Stlth+}
rCorr   .          Rampage  +   a - +1 pair of gloves
Will    +....                   X - +1 pair of boots {rampage}
Stlth   ..........              R - amulet of reflection
HPRegen 0.25/turn               e - ring "Qasim" {rN+ AC+4}
MPRegen 0.14/turn               K - ring of protection from cold

@: grasped by roots, flying, constricted, studying Short Blades
A: sickness immunity, AC +10, big wings, negative energy resistance 1,
electricity resistance, torment resistance 1, petrification resistance
a: Renounce Religion, Heroism, Finesse, Duel


You were on level 15 of the Dungeon.
You worshipped Okawaru.
Okawaru was exalted by your worship.
You visited 2 branches of the dungeon, and saw 16 of its levels.
You also visited: Bailey.

You collected 1434 gold pieces.
You spent 75 gold pieces at shops.


Innate Abilities, Weirdness & Mutations

You are immune to sickness and miasma.
Your stone body is resilient. (AC +10)
You are immune to poison.
Your large and strong wings let you fly.
You resist negative energy. (rN+)
You are resistant to electric shocks. (rElec)
You are resistant to unholy torment.
You are immune to petrification.


   Skills:
 + Level 12.9 Fighting
 - Level 16.0 Maces & Flails
 - Level 3.2 Armour
 + Level 16.2 Shields


You had 13 spell levels left.
You didn't know any spells.
Your spell library contained the following spells:

 Spells                   Type           Power      Damage    Failure   Level
 Foxfire                  Conj/Fire      0%         2x1d4     100%        1
 Slow                     Hex            0%         N/A       100%        1
 Ensorcelled Hibernation  Hex/Ice        0%         N/A       100%        2
 Passwall                 Tmut/Erth      0%         N/A       100%        2
 Confusing Touch          Hex            0%         N/A       100%        3
 Conjure Flame            Conj/Fire      0%         6-21      100%        3
 Inner Flame              Hex/Fire       0%         N/A       100%        3
 Swiftness                Air            0%         N/A       100%        3
 Flame Wave               Conj/Fire      0%         2d4       100%        4
 Lightning Bolt           Conj/Air       0%         1d11      100%        5
 Enfeeble                 Hex            0%         N/A       100%        7
 Summon Small Mammal      Summ           Unusable   N/A       N/A         1
 Call Canine Familiar     Summ           Unusable   N/A       N/A         3
 Summon Guardian Golem    Hex/Summ       Unusable   N/A       N/A         3
 Animate Armour           Summ/Erth      Unusable   N/A       N/A         4
 Summon Hydra             Summ           Unusable   N/A       N/A         7
 Summon Horrible Things   Summ           Unusable   N/A       N/A         8

Inventory:

Hand Weapons
 m - a +0 morningstar of draining {mace}
   (You took it off Maggie on level 6 of the Dungeon)
 y - the +2 demon whip "Nofugoh" (weapon) {venom, *Noise rPois Stlth+, mace}
   (Okawaru gifted it to you on level 13 of the Dungeon)

   It poisons the flesh of those it strikes.
   rPois:     It protects you from poison.
   *Noise:    It may make noises in combat.
   Stlth:     It makes you more stealthy.
Missiles
 g - 6 stones
 u - 43 poisoned darts
 M - 6 atropa-tipped darts
Armour
 a - a +1 pair of gloves (worn)
   (You found it on level 9 of the Dungeon)
 c - the +2 storm dragon scales "Otadwugi" {rElec Str+5 Dex+4, rare}
   (You found it in a bailey)

   Str:       It affects your strength (+5).
   Dex:       It affects your dexterity (+4).
   rElec:     It insulates you from electricity.
 p - the +9 plate armour "Diutuenko" (worn) {rC++ rN+}
   (You found it on level 4 of the Dungeon)

   rC:        It greatly protects you from cold.
   rN:        It protects you from negative energy.
 N - a +1 cloak of stealth (worn)
   (You found it in a bailey)
 O - a +0 tower shield (worn)
   (You found it on level 6 of the Dungeon)
 S - a scarf of resistance
   (Okawaru gifted it to you on level 11 of the Dungeon)
 T - a +1 helmet (worn)
   (You found it on level 12 of the Dungeon)
 W - a +0 ring mail
   (You took it off a tengu warrior on level 14 of the Dungeon)
 X - a +1 pair of boots of rampaging (worn)
   (Okawaru gifted it to you on level 14 of the Dungeon)
Jewellery
 e - the ring "Qasim" (left hand) {rN+ AC+4}
   (You found it on level 2 of the Dungeon)

   [ring of protection]

   AC:        It affects your AC (+4).
   rN:        It protects you from negative energy.
 I - a ring of flight
   (You found it on level 6 of the Dungeon)
 K - a ring of protection from cold (right hand)
   (You found it on level 7 of the Dungeon)
 R - an amulet of reflection (around neck)
   (You found it on level 7 of the Dungeon)
Wands
 G - a wand of polymorph (8)
   (You found it on level 8 of the Dungeon)
 H - a wand of light (12)
   (You found it on level 8 of the Dungeon)
 P - a wand of flame (30)
   (You found it on level 9 of the Dungeon)
Scrolls
 b - a scroll of brand weapon
 h - a scroll of torment {!r}
 i - 2 scrolls of blinking {!r}
 l - 3 scrolls of identify {@r1}
 q - 4 scrolls of poison
 s - 4 scrolls of amnesia
 t - a scroll of magic mapping {!r}
 v - a scroll of vulnerability {unknown}
 x - 6 scrolls of teleportation {@r4}
 z - a scroll of immolation {unknown}
 A - 3 scrolls of enchant weapon
 B - 3 scrolls of butterflies
 F - 3 scrolls of noise {!r}
 J - a scroll of summoning {unknown}
 Q - a scroll of enchant armour {unknown}
Potions
 d - 2 potions of might
 f - 2 potions of degeneration {!q}
 j - 7 potions of flight
 k - 7 potions of curing {@q1}
 n - 4 potions of attraction {!q}
 o - a potion of invisibility
 r - a potion of berserk rage {unknown}
 w - 3 potions of mutation {!q}
 C - a potion of cancellation
 D - a potion of magic {unknown}
 E - 2 potions of haste {unknown}
 L - 2 potions of brilliance {unknown}
 U - a potion of resistance {unknown}
 V - a potion of heal wounds {unknown}

Dungeon Overview and Level Annotations

Branches:
Dungeon (15/15) Zot: 26426  Temple (1/1) D:4 Zot: 5736    Lair (0/5) D:8
    Orc (0/2) D:9          Vaults (0/5) D:14         Bailey (visited)
 Depths: D:15

Altars:
Ashenzari
Cheibriados
Dithmenos
Elyvilon
Fedhas
Gozag
Hepliaklqana
Kikubaaqudgha
Makhleb
Nemelex Xobeh
Okawaru
Qazlal
Ru
Sif Muna
Trog
Uskayaw
Vehumet
Wu Jian
Xom
Yredelemnul
Zin
The Shining One

Shops:
D:9 ?   D:11 :   D:12 [   D:13 [

Annotations:
D:10 exclusion: orange crystal statue
D:15 Jorgrun

#...# ...#
#...# o#..#
#...# #.#H#
#.#g# ###
#.####.#@#...#
#.....o)Z.♣
....#...4.#...#
.. #####.#####
#.# ###


You could see Jorgrun (extremely poisoned), a manticore (soul bound), a rust
devil (summoned), an orc sorcerer and a necromancer simulacrum.


Message History

The necromancer casts a spell.
The necromancer binds the souls of nearby monsters.
Jorgrun hits you with a +0 vorpal quarterstaff.
You block the necromancer simulacrum's attack.
You closely miss the necromancer. You block Jorgrun's attack.
You block the necromancer's attack. 😕 HP[-4]
You take 4 damage, and now have 72/92 hp.
You hit the necromancer.
The necromancer looks as sick as possible!
You block the necromancer simulacrum's attack.
You hit the necromancer.
The necromancer looks as sick as possible!
You kill the necromancer!
Okawaru accepts your kill. Jorgrun casts a spell at you.
Roots burst forth from the earth!
The grasping roots grab you! The grasping roots constrict you.
You barely miss Jorgrun. You block the orc sorcerer's attack.
A manticore comes into view.
You block the necromancer simulacrum's attack.
You block Jorgrun's attack. The grasping roots constrict you.
You barely miss Jorgrun. 😕 HP[+1]
You hit Jorgrun.
Jorgrun is poisoned.
You block the orc sorcerer's attack. You block Jorgrun's attack.
The grasping roots constrict you.
The necromancer simulacrum hits you but does no damage.
You thrash Jorgrun!! The orc sorcerer casts a spell at you.
The bolt of negative energy hits you but does no damage.
You resist.
Jorgrun points at you and mumbles some strange words.
You struggle to resist.
The grasping roots constrict you.
You are too injured to fight recklessly! 😮 HP[-4]
You take 4 damage, and now have 69/92 hp.
You barely miss Jorgrun.
The necromancer simulacrum barely misses you.
You hit Jorgrun.
Jorgrun looks as sick as possible!
The orc sorcerer hits you but does no damage.
Jorgrun hits you with a +0 vorpal quarterstaff!
The grasping roots constrict you. 😮 HP[-15]
You take 15 damage, and now have 54/92 hp.
You whack Jorgrun!
Jorgrun looks as sick as possible!
You block the necromancer simulacrum's attack.
Jorgrun says, "May tha earth consume ye!"
Jorgrun hits you but does no damage. The grasping roots constrict you.
The orc sorcerer barely misses you.
You hit Jorgrun.
Jorgrun looks as sick as possible! 😮 HP[+1]
You barely miss Jorgrun. You block Jorgrun's attack.
The grasping roots constrict you.
The orc sorcerer gestures at you while chanting.
You resist with some effort.
You block the necromancer simulacrum's attack. 😮 HP[-5]
You take 5 damage, and now have 50/92 hp.
You closely miss Jorgrun. You block the orc sorcerer's attack.
You block Jorgrun's attack. The grasping roots constrict you.
You barely miss Jorgrun.
The necromancer simulacrum hits you but does no damage.
You hit Jorgrun but do no damage.
Jorgrun looks as sick as possible!
The orc sorcerer casts a spell at you.
The bolt of negative energy hits you but does no damage.
You resist. You block Jorgrun's attack. The grasping roots constrict you.
You block the necromancer simulacrum's attack.
You whack Jorgrun! You block Jorgrun's attack.
The grasping roots constrict you!
* * * LOW HITPOINT WARNING * * *
You block the orc sorcerer's attack. 😨 HP[-6]
You take 6 damage, and now have 44/92 hp.
You hit Jorgrun.
The necromancer simulacrum hits you but does no damage.
Jorgrun says, "May tha earth consume ye!"
You block Jorgrun's attack. The grasping roots constrict you!
* * * LOW HITPOINT WARNING * * *
The orc sorcerer hits you with a +0 dagger.
* * * LOW HITPOINT WARNING * * *
😨 HP[-19]
You take 19 damage, and now have 25/92 hp.
MASSIVE DAMAGE!! (PAUSE)
You whack Jorgrun!
Jorgrun looks as sick as possible!
Jorgrun's soul is no longer bound.
You hit Jorgrun.
The orc sorcerer's soul is no longer bound.
Jorgrun hits you with a +0 vorpal quarterstaff!
* * * LOW HITPOINT WARNING * * *
x2 The grasping roots constrict you.
The orc sorcerer mumbles some strange words.
You block the necromancer simulacrum's attack. 😱 HP[-12]
You take 12 damage, and now have 13/92 hp.
You hit Jorgrun but do no damage.
Jorgrun looks as sick as possible!
You whack Jorgrun! Jorgrun casts a spell at you. The iron shot hits you!!
You die...

Skill      XL: |  1  2  3  4  5  6  7  8  9 10 11 12 13 14 |
---------------+-------------------------------------------+-----
Maces & Flails | 3 4 5 6 7 9 11 13 16 | 16.0
Shields        | 11 13 15 16 | 16.2
Fighting       | 4 9 12 | 12.9
Armour         | |  3.2

Action                   |  1- 3 |  4- 6 |  7- 9 | 10-12 | 13-15 || total
-------------------------+-------+-------+-------+-------+-------++-------
Melee: Flail             |   102 |   236 |   184 |       |       ||   522
       Mace              |       |       |    73 |       |       ||    73
       Morningstar       |       |       |    24 |   940 |    22 ||   986
       Demon whip        |       |       |       |       |   349 ||   349
Throw: Dart              |       |       |       |     6 |       ||     6
  Use: Scroll            |       |       |       |    15 |     2 ||    17
       Potion            |       |       |       |     1 |       ||     1
Armor: Scale mail        |    55 |    42 |       |       |       ||    97
       Plate armour      |       |   108 |   195 |   654 |   207 ||  1164
Dodge: Dodged            |    50 |    87 |    83 |   146 |    44 ||   410
Block: Buckler           |    16 |    48 |    56 |   142 |       ||   262
       Reflection        |       |       |       |    45 |    41 ||    86
       Tower shield      |       |       |       |   791 |   408 ||  1199

Levels and vault maps discovered:
D:1:      sevenhm_arrival_forest_fort_small_3, layout_basic,
          ebering_ecumenical_altar_sacrificial
D:2:      minmay_angry_zag, layout_basic
D:3:      layout_basic
D:4:      layout_gridville, minmay_temple_entry_hall, dk_vineyard_1,
          serial_bayou_pond_d, guppyfry_early_lair_pool
D:5:      layout_rooms, lemuel_crystal_altar, minmay_diced_spiral,
          uniq_blork_the_orc
D:6:      layout_loops_ring, lemuel_coloured_pillars_altar,
          mainiacjoe_overflow_swirl, uniq_maggie
D:7:      layout_loops_cross, lemuel_doored_altar, old_standard_altar,
          uniq_prince_ribbit1
D:8:      layout_loops_corners, nemelex_diamond_rough_becter, zin_statuary,
          lair_entry_dummy
D:9:      layout_stronghold, erik_orc_4, serial_shops, shop,
          chequers_serial_rivers_small_a
D:10:     layout_rooms, enter_bailey_3, minmay_protected_statue, uniq_lodul,
          uniq_josephine
D:11:     layout_roguey, serial_shops, nicolae_shop_crystal, feat_on_display
D:12:     layout_long_grid, serial_shops, nicolae_take_the_stairs
D:13:     layout_irregular_city, serial_shops, nicolae_stop_n_shop_1
D:14:     layout_irregular_city, david_vaults_2
D:15:     hangedman_depths_entry_civil_slaughter, layout_basic,
          gammafunk_ghost_tricky_traps, elyvilon_altar_1, uniq_agnes,
          uniq_azrael, uniq_jorgrun
Temple:   dpeg_chambers_temple

Notes
Turn   | Place    | Note
-------+----------+-------------------------------------------
     0 | D:1      | MrTaco21 the Gargoyle Fighter began the quest for the Orb.
     0 | D:1      | Reached XP level 1. HP: 14/14 MP: 1/1
     0 | D:1      | magus.rc [v1.9.6]
   231 | D:1      | Reached XP level 2. HP: 19/19 MP: 2/2
   535 | D:1      | Reached skill level 3 in Maces & Flails
  1034 | D:1      | Found a faded altar of an unknown god.
  1345 | D:2      | Reached XP level 3. HP: 20/23 MP: 3/3
  1519 | D:2      | Identified the ring "Qasim" {rN+ AC+4}
  1755 | D:2      | Reached skill level 4 in Maces & Flails
  1830 | D:2      | Reached XP level 4. HP: 28/28 MP: 4/4
  2581 | D:2      | Reached skill level 5 in Maces & Flails
  2581 | D:2      | Reached XP level 5. HP: 32/32 MP: 5/5
  2742 | D:2      | You pick up a book of Burglary and begin reading...
  2742 | D:2      | You add the spells Passwall, Ensorcelled Hibernation and
                  | Swiftness to your library.
  3821 | D:4      | You pick up a book of Burglary and begin reading...
  3873 | D:4      | Identified the +9 plate armour "Diutuenko" {rC++ rN+}
  3885 | D:4      | Found a staircase to the Ecumenical Temple.
  3891 | Temple   | Entered the Ecumenical Temple
  4127 | Temple   | Became a worshipper of Warmaster Okawaru
  4843 | D:4      | Reached skill level 6 in Maces & Flails
  4843 | D:4      | Reached XP level 6. HP: 20/37 MP: 6/6
  5226 | D:5      | Entered Level 5 of the Dungeon
  5640 | D:5      | You pick up a book of Flames and begin reading...
  5640 | D:5      | You add the spells Foxfire, Conjure Flame, Inner Flame and
                  | Flame Wave to your library.
  5653 | D:5      | Found a blossoming altar of Fedhas.
  5716 | D:5      | Noticed an orc warrior
  5865 | D:5      | Killed an orc warrior
  5866 | D:5      | Reached skill level 7 in Maces & Flails
  5866 | D:5      | Reached XP level 7. HP: 12/41 MP: 7/7
  6144 | D:5      | You fall into a shaft and drop 3 floors!
  6268 | D:8      | Reached * piety under Okawaru
  6269 | D:8      | Reached skill level 8 in Maces & Flails
  6318 | D:8      | Found a staircase to the Lair.
  6488 | D:8      | Noticed a steam dragon
  6590 | D:7      | HP: 10/41 [acid (3)]
  6924 | D:7      | Reached skill level 9 in Maces & Flails
  6924 | D:7      | Reached XP level 8. HP: 35/46 MP: 8/8
  7072 | D:7      | Noticed a wyvern
  7097 | D:7      | Killed a wyvern
  7097 | D:7      | Reached ** piety under Okawaru
  7291 | D:7      | Reached skill level 10 in Maces & Flails
  7420 | D:7      | Found a shimmering altar of Xom.
  7625 | D:7      | Noticed a wyvern
  7939 | D:6      | Reached skill level 11 in Maces & Flails
  8066 | D:6      | Noticed a red ugly thing
  8107 | D:5      | Noticed Blork the orc
  8271 | D:4      | Reached XP level 9. HP: 51/51 MP: 9/9
  8284 | D:5      | Killed Blork the orc
  8441 | D:5      | Reached *** piety under Okawaru
  8753 | D:6      | Reached skill level 12 in Maces & Flails
  8977 | D:6      | Noticed Maggie
  9142 | D:6      | Killed Maggie
  9425 | D:6      | Found an ornate altar of the Wu Jian Council.
  9434 | D:6      | Found an ancient bone altar of Kikubaaqudgha.
  9568 | D:6      | Killed a red ugly thing
  9568 | D:6      | Reached **** piety under Okawaru
  9569 | D:6      | Reached skill level 13 in Maces & Flails
  9763 | D:6      | Found a sacrificial altar of Ru.
  9778 | D:7      | Noticed Prince Ribbit
  9956 | D:7      | Killed Prince Ribbit
  9957 | D:7      | Reached XP level 10. HP: 38/56 MP: 10/10
 10088 | D:7      | Found a shimmering blue altar of Sif Muna.
 10530 | D:8      | Reached skill level 14 in Maces & Flails
 10568 | D:8      | You pick up a book of Callings and begin reading...
 10786 | D:8      | Found a glowing silver altar of Zin.
 10830 | D:8      | Found a sparkling altar of Nemelex Xobeh.
 11186 | D:9      | Noticed a two-headed ogre
 11268 | D:9      | Found Loutapa's Magic Scroll Emporium.
 11284 | D:9      | Bought a scroll of identify for 30 gold pieces
 11284 | D:9      | Bought a scroll of teleportation for 45 gold pieces
 11769 | D:9      | Noticed a boulder beetle
 11782 | D:9      | Killed a boulder beetle
 11782 | D:9      | Reached ***** piety under Okawaru
 11783 | D:9      | Reached skill level 15 in Maces & Flails
 12192 | D:9      | Found a staircase to the Orcish Mines.
 12384 | D:9      | Got the Collected Works on Companions and Attacks
 12564 | D:9      | Killed a two-headed ogre
 12675 | D:9      | Reached skill level 16 in Maces & Flails
 12809 | D:9      | Reached XP level 11. HP: 46/60 MP: 11/11
 12810 | D:9      | Reached skill level 4 in Shields
 12987 | D:9      | Reached skill level 5 in Shields
 13006 | D:9      | Identified the +2 scale mail "Jeckuf" {rC++ rN+ Will-
                  | Str+3} (Okawaru gifted it to you on level 9 of the Dungeon)
 13006 | D:9      | Received a gift from Okawaru
 13020 | D:9      | Reached skill level 6 in Shields
 13485 | D:10     | Entered Level 10 of the Dungeon
 13508 | D:10     | Noticed a centaur warrior
 13515 | D:10     | Killed a centaur warrior
 13552 | D:10     | Noticed Josephine
 13559 | D:10     | Reached skill level 7 in Shields
 13578 | D:10     | Killed Josephine
 13579 | D:10     | Reached skill level 8 in Shields
 13618 | D:10     | Found a flagged portal.
 13630 | Bailey   | Entered a bailey
 13911 | Bailey   | Identified the +2 storm dragon scales "Otadwugi" {rElec
                  | Str+5 Dex+4}
 14001 | Bailey   | You add the spells Slow, Confusing Touch and Enfeeble to
                  | your library.
 14001 | Bailey   | Got the Compilation of Hexes and the Commander
 14048 | Bailey   | Reached skill level 9 in Shields
 14610 | D:10     | Reached skill level 10 in Shields
 14801 | D:10     | Noticed Lodul
 14835 | D:10     | HP: 3/60 [ogre/+0 giant club[Lodul] (16)]
 15170 | D:10     | Noticed an orange crystal statue
 15799 | D:10     | Killed Lodul
 15824 | D:10     | Noticed a cyclops
 15977 | D:11     | Noticed a cyclops
 16130 | D:11     | Killed a cyclops
 16131 | D:11     | Reached skill level 11 in Shields
 16270 | D:11     | Reached skill level 4 in Fighting
 16270 | D:11     | Reached XP level 12. HP: 66/66 MP: 12/12
 16315 | D:11     | Received a gift from Okawaru
 16787 | D:11     | Found Tomic's Book Shoppe.
 16989 | D:12     | Noticed a five-headed hydra
 17001 | D:11     | Killed a five-headed hydra
 17002 | D:11     | Reached skill level 5 in Fighting
 17044 | D:12     | Noticed a two-headed ogre
 17044 | D:12     | Found Ysuubruung's Armour Boutique.
 17472 | D:12     | Reached ****** piety under Okawaru
 17473 | D:12     | Reached skill level 6 in Fighting
 17473 | D:12     | Reached skill level 12 in Shields
 17790 | D:11     | Reached skill level 7 in Fighting
 17917 | D:12     | Killed a two-headed ogre
 18488 | D:13     | Found Jaeghid's Antique Armour Shoppe.
 18886 | D:13     | Reached skill level 8 in Fighting
 18886 | D:13     | Reached skill level 13 in Shields
 18993 | D:13     | Noticed a boulder beetle
 19002 | D:13     | Noticed a five-headed hydra
 19022 | D:13     | Killed a five-headed hydra
 19028 | D:13     | Killed a boulder beetle
 19389 | D:13     | Noticed a centaur warrior
 19397 | D:13     | Reached skill level 9 in Fighting
 19397 | D:13     | Reached XP level 13. HP: 75/80 MP: 13/13
 19401 | D:13     | Received a gift from Okawaru
 19874 | D:13     | Identified the +2 demon whip "Nofugoh" {venom, *Noise rPois
                  | Stlth+} (Okawaru gifted it to you on level 13 of the
                  | Dungeon)
 19874 | D:13     | Received a gift from Okawaru
 19917 | D:13     | Reached skill level 14 in Shields
 20026 | D:13     | Reached skill level 10 in Fighting
 20457 | D:14     | Found a gate to the Vaults.
 21167 | D:14     | Received a gift from Okawaru
 21168 | D:14     | Reached skill level 11 in Fighting
 21429 | D:14     | Reached skill level 15 in Shields
 21489 | D:14     | Identified the +4 ring mail "Fuitum" {Rampage}
 21839 | D:13     | Reached skill level 12 in Fighting
 21859 | D:13     | Gained mutation: Your large and strong wings let you fly.
                  | [Gargoyle growth]
 21859 | D:13     | Reached XP level 14. HP: 46/92 MP: 14/14
 22317 | D:15     | Entered Level 15 of the Dungeon
 22386 | D:15     | Noticed Jorgrun
 22447 | D:14     | Reached skill level 16 in Shields
 22905 | D:15     | HP: 14/92 [Jorgrun/+0 vorpal quarterstaff (11)]
 22907 | D:15     | Killed from afar by Jorgrun

Vanquished Creatures
  An ettin (D:15)
  Josephine (D:10)
  6 hydras
  An ogre mage (D:14)
  7 two-headed ogres
  6 centaur warriors
  2 boulder beetles
  2 tengu warriors (D:14)
  3 skeletal warriors (D:13)
  Lodul (D:10)
  2 necromancers (D:15)
  15 ugly things
  2 cyclopes
  4 manticores
  2 deep elf pyromancers (D:13)
  3 gargoyles
  An unseen horror (D:13)
  A komodo dragon (D:13)
  Maggie (D:6)
  A komodo dragon (shapeshifter) (D:14)
  A kobold demonologist (D:13)
  An efreet (D:14)
  3 meliai
  3 trolls
  Prince Ribbit (D:7)
  5 slime creatures (D:12)
  A culicivora (shapeshifter) (D:13)
  2 vampires
  4 wraiths
  6 wyverns
  2 shadows
  15 yaks
  A human (D:9)
  5 vampire mosquitoes
  A steam dragon (D:8)
  2 wargs (D:8)
  5 acid dragons
  A water moccasin (D:8)
  A sky beast (D:6)
  An ice beast (D:7)
  4 orc warriors
  2 black bears
  10 ogres
  13 centaurs
  A phantom (D:6)
  2 kobold brigands
  Blork the orc (D:5)
  4 bullfrogs
  A gnoll sergeant (D:9)
  3 scorpions
  3 wights
  7 killer bees
  A howler monkey (D:10)
  6 vampire bats (Bailey)
  5 wolf zombies (Bailey)
  A hound (D:6)
  A jelly (D:7)
  2 gnoll boudas
  5 orc priests
  4 iguanas
  6 orc wizards
  13 gnolls
  7 adders
  A shadow imp (D:5)
  2 white imps
  An ufetubus (D:7)
  4 worms
  A dart slug (D:2)
  28 orcs
  7 ball pythons
  A bat (D:2)
  10 endoplasms
  3 giant cockroaches
  12 goblins
  9 hobgoblins
  2 jackals (D:1)
  6 quokkas
  8 frilled lizards
  15 kobolds
  21 orc zombies (Bailey)
356 creatures vanquished.

Vanquished Creatures (others)
  A gnoll (D:10)
  A goblin (D:10)
2 creatures vanquished.

Grand Total: 358 creatures vanquished

Table legend:
 A = Non-vault XP
 B = Vault XP
 C = Vault XP percentage of total XP
 D = Non-vault monster count
 E = Vault monster count
 F = Vault count percentage of total count
                 A         B        C        D         E       F
            +---------+---------+-------+---------+---------+-------
      Total |   50777 |   11364 |  18.3 |     277 |      79 |  22.2
            +---------+---------+-------+---------+---------+-------
        D:1 |      33 |       0 |   0.0 |      19 |       0 |   0.0
        D:2 |     128 |      15 |  10.5 |      27 |       3 |  10.0
        D:3 |      20 |       0 |   0.0 |      10 |       0 |   0.0
        D:4 |     245 |      26 |   9.6 |      23 |       2 |   8.0
        D:5 |     686 |      95 |  12.2 |      15 |       3 |  16.7
        D:6 |    1541 |     385 |  20.0 |      14 |       1 |   6.7
        D:7 |    1014 |     255 |  20.1 |      14 |       1 |   6.7
        D:8 |     946 |     338 |  26.3 |      14 |       3 |  17.6
        D:9 |    4323 |     331 |   7.1 |      31 |      11 |  26.2
       D:10 |    2764 |    3005 |  52.1 |      19 |      14 |  42.4
       D:11 |    4824 |       0 |   0.0 |      18 |       0 |   0.0
       D:12 |    5188 |       0 |   0.0 |      19 |       0 |   0.0
       D:13 |   15823 |       0 |   0.0 |      29 |       0 |   0.0
       D:14 |   11588 |    3351 |  22.4 |      23 |       4 |  14.8
       D:15 |    1654 |    2151 |  56.5 |       2 |       3 |  60.0
     Bailey |       0 |    1412 | 100.0 |       0 |      34 | 100.0
            +---------+---------+-------+---------+---------+-------

Illustrated notes

Table legend:
 A = Kills in this place as a percentage of kills in entire the game.
 B = Kills by you in this place as a percentage of kills by you in the entire game.
 C = Kills by friends in this place as a percentage of kills by friends in the entire game.
 D = Other kills in this place as a percentage of other kills in the entire game.
 E = Experience gained in this place as a percentage of experience gained in the entire game.
 F = Experience gained in this place divided by the number of levels of this place that you have seen.
                   A       B       C       D       E      F
               +-------+-------+-------+-------+-------+----------------------
         Total | 100.0 | 100.0 |   N/A |   N/A | 100.0 | 3655.4
       Dungeon |  90.4 |  90.4 |   N/A |   N/A |  97.7 | 4048.6
        Bailey |   9.6 |   9.6 |   N/A |   N/A |   2.3 | 1412.0
               +-------+-------+-------+-------+-------+----------------------

Table legend: (Time is in decaauts)
 A = Elapsed time spent in this place.
 B = Non-inter-level travel time spent in this place.
 C = Inter-level travel time spent in this place.
 D = Time resting spent in this place.
 E = Time spent auto-exploring this place.
 F = Levels seen in this place.
 G = Mean time per level.
                   A        B        C        D        E       F      G
               +--------+--------+--------+--------+--------+-----+--------+
         Total |  22809 |  21763 |   1046 |   8182 |   9498 |  17 | 1341.7 |
       Dungeon |  21838 |  20831 |   1007 |   7995 |   9071 |  15 | 1455.9 |
        Temple |    263 |    224 |     39 |      0 |    210 |   1 |  263.0 |
        Bailey |    707 |    707 |      0 |    187 |    217 |   1 |  707.0 |
               +--------+--------+--------+--------+--------+-----+--------+

Top non-repeatable levels by time:
     D:9: 2303 daAuts
    D:13: 2086 daAuts
     D:8: 2004 daAuts
    D:14: 1817 daAuts
     D:6: 1626 daAuts
     D:4: 1617 daAuts
     D:2: 1522 daAuts
     D:7: 1409 daAuts
    D:11: 1366 daAuts
     D:1: 1358 daAuts
    D:12: 1334 daAuts
    D:10: 1176 daAuts
     D:5: 1149 daAuts
     D:3: 975 daAuts
  Bailey: 707 daAuts
